 Dungeon Crawl Stone Soup version 0.30-a0-313-gae38170b09 (webtiles) character file.

Game seed: 10206089706280089298

188 MTVSty1e the Chopper (level 5, -6/48 HPs)
             Began as a Minotaur Fighter on Oct 26, 2022.
             Mangled by a wight
             ... wielding a +3 great sword
              (17 damage)
             ... on level 4 of the Dungeon.
             The game lasted 00:02:24 (2412 turns).

MTVSty1e the Chopper (Minotaur Fighter)             Turns: 2412, Time: 00:02:24

Health: -6/48      AC:  8    Str: 25    XL:     5   Next: 39%
Magic:  4/4        EV: 14    Int:  5    God:
Gold:   247        SH:  0    Dex: 10    Spells: 4/4 levels left

rFire   . . .      SeeInvis .    r - +8 frozen axe "Frostbite" {freezing cloud, *Noise Fly rC+}
rCold   + . .      Faith    .    (shield currently unavailable)
rNeg    . . .      Spirit   .    b - +0 scale mail
rPois   +          Reflect  .    (helmet restricted)
rElec   .          Harm     .    (no cloak)
rCorr   +          Rampage  .    (no gloves)
Will    .....                    h - +0 pair of boots
Stlth   ..........               (no amulet)
HPRegen 0.28/turn                o - +4 ring of evasion
MPRegen 0.09/turn                w - ring "Zalomyd" {Wiz rPois rCorr Str+3}

@: flying
A: horns 2, retaliatory headbutt
a: no special abilities


You were on level 4 of the Dungeon.
You visited 1 branch of the dungeon, and saw 4 of its levels.

You collected 247 gold pieces.

Inventory:

Hand Weapons
 a - a +0 war axe
 r - the +8 frozen axe "Frostbite" (weapon) {freezing cloud, *Noise Fly rC+}
   (You found it on level 3 of the Dungeon)

   It freezes those it strikes, dealing additional cold damage.
   It can also slow down cold-blooded creatures.
   It occasionally leaves clouds of freezing vapour upon striking a foe.
   It grants immunity to clouds of freezing vapour.
   rC:        It protects you from cold.
   Fly:       It grants you flight.
   *Noise:    It may make noises in combat.
Missiles
 x - a throwing net (quivered)
Armour
 b - a +0 scale mail (worn)
 c - a +0 buckler
 h - a +0 pair of boots (worn)
Jewellery
 i - a ring of fire
 o - a +4 ring of evasion (left hand)
 p - a ring of ice
 s - a +6 ring of intelligence
 u - an amulet of faith
 w - the ring "Zalomyd" (right hand) {Wiz rPois rCorr Str+3}
   (You found it on level 3 of the Dungeon)

   [ring of wizardry]

   It improves your spell success rate.
   Str:       It affects your strength (+3).
   rPois:     It protects you from poison.
   rCorr:     It protects you from acid and corrosion.
 y - a ring of resist corrosion
Scrolls
 f - 2 scrolls of silence
 k - 3 scrolls of identify {unknown}
 l - a scroll of magic mapping {unknown}
 n - a scroll of noise {unknown}
 t - 2 scrolls of immolation {unknown}
Potions
 d - a potion of might
 e - 2 potions of heal wounds {unknown}
 g - 2 potions of curing
 j - 3 potions of attraction {unknown}
 m - a potion of lignification {unknown}
 q - a potion of mutation {unknown}
 v - a potion of flight {unknown}
 z - 2 potions of resistance {unknown}
 A - a potion of berserk rage {unknown}


   Skills:
 + Level 5.1 Fighting
 * Level 5.6 Axes
 - Level 3.7 Armour
 - Level 3.7 Shields


You had 4 spell levels left.
You didn't know any spells.
Your spell library contained the following spells:

 Spells                   Type           Power      Damage    Failure   Level
 Foxfire                  Conj/Fire      0%         2x1d4     43%         1
 Shock                    Conj/Air       0%         1d3       43%         1
 Slow                     Hex            0%         N/A       43%         1
 Portal Projectile        Hex/Tloc       0%         N/A       78%         3
 Tukima's Dance           Hex            0%         N/A       78%         3
 Blade Hands              Tmut           0%         N/A       100%        5


Dungeon Overview and Level Annotations

Branches:
Dungeon (4/15)
 Temple: D:4-7

Altars:
Ashenzari

Shops:
D:3 (   D:4 !


Innate Abilities, Weirdness & Mutations

You have a pair of horns on your head.
You reflexively headbutt those who attack you in melee.


Message History

No target in view!
No target in view!
No target in view!
No target in view!
Things that are here:
a +1 short sword; a +0 robe No target in view!
A wight comes into view. It is wielding a +0 battleaxe.
Found a scroll labelled ITOROS WEIC. 2 wights come into view.
A wight comes into view. It is wielding a +0 mace.
Found 9 stones.
The wight hits you with a +0 battleaxe!
You feel drained.
You hit the wight. Your headbutt misses the wight.
The wight is moderately damaged.
The wight hits you with a +0 battleaxe!
You feel drained. The wight closely misses you.
You are too injured to fight recklessly!
You are too injured to fight recklessly!
Unknown command.
You are too injured to fight recklessly!
You are too injured to fight recklessly!
The wight attacks as you move away! The wight barely misses you.
You furiously retaliate!
You headbutt the wight. The wight attacks as you move away!
The wight barely misses you. The wight attacks as you move away!
The wight hits you with a +3 great sword.
Things that are here:
a +1 short sword; a +0 robe You slash the wight!
You destroy the wight!
Your life force feels restored.
Your Fighting skill increases to level 5!
You have reached level 5!
The wight hits you with a +3 great sword!
* * * LOW HITPOINT WARNING * * *
Things that are here:
a +0 battleaxe; a +0 robe It was a potion of curing.
You feel better.
The wight hits you with a +3 great sword!
You die...

##### #######..)#
#.......#'#####
#.......'∩+....
#..(....#+#.... ###
#.......<......
.....#######..............
.........@zz..............
.....######...............
... #...>........... .
##z........#.....
#..#..##.##......
##.###.#..........
#z.###<#†.#.......
##z##............[. ##(
#..##.....#.#......


You could see 2 wights.

Vanquished Creatures
  2 wights (D:4)
  Terence (D:2)
  2 adders
  A dart slug (D:1)
  An orc (D:3)
  4 ball pythons
  3 endoplasms (D:1)
  2 giant cockroaches (D:1)
  3 goblins
  2 hobgoblins
  4 jackals (D:1)
  2 quokkas
  6 bats
  2 frilled lizards (D:3)
  A kobold (D:3)
  A rat (D:3)
37 creatures vanquished.

Notes
Turn   | Place    | Note
-------+----------+-------------------------------------------
     0 | D:1      | MTVSty1e the Minotaur Fighter began the quest for the Orb.
     0 | D:1      | Reached XP level 1. HP: 19/19 MP: 0/0
   300 | D:1      | Reached XP level 2. HP: 24/27 MP: 1/1
   358 | D:1      | Got So You Want to Learn Wizardry
   832 | D:2      | Noticed Terence
   839 | D:2      | Killed Terence
   840 | D:2      | Reached XP level 3. HP: 32/33 MP: 2/2
   960 | D:2      | Found a broken altar of Ashenzari.
  1656 | D:3      | Reached XP level 4. HP: 40/41 MP: 3/3
  1710 | D:3      | Found the +8 frozen axe "Frostbite" {freezing cloud, *Noise
                  | Fly rC+}
  1733 | D:3      | Found Ole Leuc's Weapon Shop.
  2246 | D:3      | Identified the ring "Zalomyd" {Wiz rPois rCorr Str+3}
  2372 | D:4      | Found Xihud's Distillery.
  2390 | D:4      | Reached skill level 5 in Axes
  2411 | D:4      | Reached skill level 5 in Fighting
  2411 | D:4      | Reached XP level 5. HP: 19/48 MP: 4/4
  2412 | D:4      | Mangled by a wight

Illustrated notes

Levels and vault maps discovered:
D:1:      amcnicky_arrival_single_pillar, layout_basic
D:2:      layout_basic, basic_altar, uniq_terence
D:3:      layout_basic, serial_shops, nicolae_shop_hallway_stairs
D:4:      layout_rooms, minmay_temple_entry_proselytizer, enter_ossuary_4,
          serial_shops, kennysheep_mini

Skill      XL: |  1  2  3  4 |
---------------+-------------+-----
Axes           | 4 5 |  5.6
Fighting       | 4 5 |  5.1
Armour         | |  3.7
Shields        | |  3.7

Action                   |  1- 3 |  4- 6 || total
-------------------------+-------+-------++-------
Melee: War axe           |    65 |     1 ||    66
       Headbutt          |     4 |     2 ||     6
       Executioner's axe |       |    16 ||    16
  Use: Scroll            |       |     1 ||     1
       Potion            |       |     1 ||     1
Armor: Scale mail        |    36 |     6 ||    42
Dodge: Dodged            |    33 |    12 ||    45
Block: Buckler           |    14 |       ||    14

Table legend: (Time is in decaauts)
 A = Elapsed time spent in this place.
 B = Non-inter-level travel time spent in this place.
 C = Inter-level travel time spent in this place.
 D = Time resting spent in this place.
 E = Time spent auto-exploring this place.
 F = Levels seen in this place.
 G = Mean time per level.
                   A        B        C        D        E       F      G
               +--------+--------+--------+--------+--------+-----+--------+
         Total |   2445 |   2386 |     59 |      0 |   2048 |   4 |  611.2 |
       Dungeon |   2445 |   2386 |     59 |      0 |   2048 |   4 |  611.2 |
               +--------+--------+--------+--------+--------+-----+--------+

Top non-repeatable levels by time:
     D:2: 891 daAuts
     D:1: 767 daAuts
     D:3: 690 daAuts
     D:4: 96 daAuts
